Map: [ESL] Alcyone

Players

Spirit (souL) - Winner!

  • Race: Terran Terran
  • League: Master
  • Spawn Location: 7:00

Lambo

  • Race: Zerg Zerg
  • Spawn Location: 1:00

Event: IEM Katowice 2024

VOD

Have the link to the VOD?

Description

Time

  • Played on: Dec. 8, 2023, 2:13 p.m.
  • Length: 9:00

All games in this series

Show
View Real Time Build Order
Export as new Build Order

Spirit Terran - Winner!

Build Orders: Command Center First 

Get SALT Encoding   

  12  0:00  SCV  
  13  0:12  SCV  
  14  0:17  Supply Depot  
  14  0:24  SCV  
  15  0:38  SCV  
  16  0:50  SCV  
  17  1:01  Command Center  
  17  1:03  SCV  
  18  1:13  Barracks  
  18  1:17  SCV  
  19  1:22  Refinery  
  19  1:29  SCV  
  19  1:31  Refinery  
  20  1:41  SCV  
  21  1:54  SCV  
  22  2:00  Marine  
  23  2:07  Orbital Command  
  23  2:12  Factory  
  23  2:14  Orbital Command  
  23  2:18  Marine  
  24  2:25  Supply Depot  
  24  2:33  SCV  
  25  2:37  Barracks Reactor  
  25  2:41  SCV  
  26  2:45  SCV  
  27  2:53  SCV  
  27  2:57  SCV, Starport  
  29  3:05  SCV  
  30  3:09  SCV  
  31  3:13  Marine x2  
  31  3:17  SCV  
  31  3:18  Command Center  
  34  3:21  SCV  
  35  3:29  SCV  
  35  3:30  Marine  
  35  3:31  Marine, Refinery  
  38  3:34  Fusion Core  
  38  3:37  SCV  
  39  3:41  SCV  
  39  3:44  Refinery  
  39  3:45  Supply Depot  
  39  3:46  Starport Tech Lab  
  40  3:49  SCV  
  40  3:50  Marine  
  40  3:52  Marine  
  40  3:55  SCV  
  44  4:01  SCV  
  45  4:07  SCV  
  45  4:08  Supply Depot  
  46  4:13  SCV  
  49  4:21  Battlecruiser  
  49  4:22  SCV  
  54  4:24  Factory Tech Lab  
  54  4:27  Weapon Refit  
  54  4:30  SCV  
  55  4:34  Orbital Command  
  55  4:35  SCV  
  56  4:41  Barracks Tech Lab  
  56  4:42  SCV  
  56  4:45  Starport  
  57  4:47  SCV  
  57  4:52  Factory Reactor  
  58  4:54  SCV  
  58  4:55  Supply Depot  
  58  4:59  Stimpack, SCV  
  60  5:00  SCV  
  60  5:04  Supply Depot  
  60  5:06  SCV  
  62  5:07  Orbital Command  
  62  5:09  Barracks x2  
  62  5:22  Battlecruiser  
  68  5:30  SCV  
  68  5:34  SCV, Engineering Bay  
  70  5:38  Battlecruiser  
  70  5:39  SCV  
  77  5:43  SCV  
  77  5:44  Factory Tech Lab  
  77  5:48  Engineering Bay  
  78  5:52  Barracks, SCV  
  78  5:53  Barracks  
  78  5:54  SCV  
  79  5:57  Barracks Reactor  
  79  5:58  SCV  
  80  6:04  Terran Infantry Weapons Level 1, SCV  
  80  6:06  SCV  
  80  6:07  Supply Depot  
  80  6:08  Marine  
  80  6:09  Marine  
  80  6:10  SCV  
  85  6:16  SCV  
  85  6:17  Siege Tank  
  89  6:18  SCV, Marine  
  89  6:22  Bunker  
  89  6:24  Supply Depot  
  89  6:25  Terran Infantry Armor Level 1  
  91  6:29  Marine  
  91  6:30  Marine  
  91  6:32  Supply Depot  
  93  6:35  Marine, SCV  
  93  6:37  Marine x2  
  93  6:38  Combat Shield  
  98  6:40  SCV x2  
  98  6:42  Barracks Reactor x2  
  99  6:47  Marine x2, SCV  
  99  6:51  Siege Tank  
  99  6:52  SCV  
  99  6:53  Marine  
  107  6:55  Marine x2  
  110  7:01  SCV x2  
  110  7:03  Supply Depot  
  110  7:05  Marine x2  
  110  7:06  Medivac  
  110  7:07  Medivac  
  117  7:14  SCV, Marine x3  
  117  7:15  Supply Depot, SCV  
  122  7:16  Refinery  
  122  7:23  Siege Tank  
  122  7:24  Marine x5  
  122  7:26  Marine  
  131  7:30  SCV  
  131  7:32  SCV  
  131  7:36  Marine x3  
  136  7:38  Supply Depot  
  136  7:39  Supply Depot x2  
  136  7:42  Marine x5  
  135  7:46  Marine  
  135  7:50  Medivac  
  132  7:54  Marine x3  
  132  7:55  Siege Tank  
  132  7:56  Command Center  
  138  7:58  Armory  
  138  8:03  Marine x5  
  138  8:04  Marine  
  144  8:12  Marine x2  
  143  8:15  Marine  
  131  8:20  Medivac, Marine x2  
  131  8:21  Marine x4  
  131  8:27  Siege Tank  
  131  8:30  Marine x2  
  131  8:33  Marine  
  133  8:38  Marine x2  
  133  8:39  Marine x4  
Show
View Real Time Build Order
Export as new Build Order

Lambo Zerg 

Build Orders: Hatch First 

Get SALT Encoding   

  12  0:00  Drone  
  13  0:12  Overlord  
  13  0:17  Drone  
  14  0:31  Drone x2  
  16  0:48  Hatchery  
  15  0:51  Drone  
  15  0:54  Drone  
  17  0:58  Drone  
  18  1:08  Extractor  
  17  1:13  Spawning Pool  
  17  1:16  Drone  
  17  1:19  Drone  
  18  1:28  Drone  
  19  1:39  Drone  
  20  1:49  Drone  
  21  1:59  Queen  
  21  2:00  Zergling x4, Queen  
  27  2:10  Drone  
  27  2:13  Overlord  
  28  2:20  Hatchery  
  27  2:23  Drone  
  28  2:31  Drone  
  28  2:32  Drone  
  28  2:33  Drone  
  31  2:40  Queen  
  33  2:44  Overlord  
  33  2:47  Drone  
  33  2:50  Metabolic Boost  
  34  2:54  Drone  
  34  2:55  Drone  
  36  3:02  Queen  
  38  3:06  Drone x2  
  38  3:09  Drone x2  
  38  3:11  Drone  
  43  3:16  Drone  
  44  3:25  Overlord  
  44  3:31  Queen  
  44  3:33  Drone x3  
  49  3:43  Queen x2  
  49  3:44  Drone  
  49  3:45  Drone, Overlord  
  49  3:48  Drone  
  56  3:49  Drone  
  56  3:51  Drone  
  58  3:58  Overlord  
  58  4:04  Drone x6  
  58  4:08  Queen  
  66  4:16  Overlord  
  66  4:18  Drone x5  
  66  4:21  Extractor, Lair  
  70  4:26  Drone x3  
  70  4:27  Drone  
  74  4:32  Extractor, Overlord  
  74  4:34  Drone  
  74  4:35  Extractor  
  74  4:36  Baneling Nest  
  74  4:38  Drone  
  73  4:40  Drone x4  
  73  4:43  Extractor  
  73  4:44  Extractor, Overlord  
  75  4:50  Queen  
  75  4:52  Drone x2  
  81  4:56  Drone x5  
  84  5:01  Overlord  
  84  5:02  Drone x2  
  86  5:08  Drone x2  
  86  5:10  Zergling x2  
  89  5:14  Spore Crawler  
  89  5:16  Spore Crawler  
  89  5:17  Zergling x4, Hatchery  
  89  5:19  Overlord  
  88  5:21  Zergling x2  
  88  5:27  Zergling x10  
  94  5:36  Spire  
  91  5:43  Drone x3  
  91  5:44  Spore Crawler  
  91  5:46  Drone  
  91  5:47  Drone x3  
  97  5:50  Drone  
  97  5:52  Drone x2  
  97  5:54  Baneling x2  
  97  5:55  Drone x2  
  102  5:58  Drone  
  102  6:02  Overlord  
  102  6:03  Overlord  
  103  6:06  Drone  
  103  6:08  Drone x2  
  103  6:09  Evolution Chamber  
  103  6:11  Zergling x2, Overlord  
  106  6:12  Evolution Chamber  
  106  6:13  Overlord  
  106  6:16  Overlord  
  105  6:19  Overlord  
  105  6:30  Drone x6  
  105  6:32  Zergling x14  
  118  6:45  Hatchery  
  117  6:52  Corruptor x4  
  119  6:57  Corruptor x2  
  118  7:02  Corruptor  
  118  7:05  Baneling  
  118  7:08  Corruptor  
  117  7:12  Corruptor  
  114  7:36  Overlord x2  
  114  7:37  Overlord x2  
  114  7:43  Overlord  
  113  7:49  Overlord  
  112  7:54  Queen  
  112  7:57  Zergling x22  
  125  7:59  Baneling x3  
  125  8:00  Zergling x2  
  125  8:01  Zergling x2  
  127  8:06  Zergling x10  
  127  8:08  Zergling x4  
  129  8:14  Zergling x10  
  129  8:18  Zergling x10  
  127  8:20  Zergling x2  
  127  8:21  Zergling x4  
  127  8:23  Zergling x2  
  127  8:25  Zergling x6  
  121  8:29  Zergling x2  
  121  8:30  Zergling x6  
  121  8:32  Zergling x6  
  121  8:33  Zergling x2  
  123  8:36  Zergling x6  
  123  8:37  Zergling x2  
  123  8:39  Zergling x2  
  123  8:40  Zergling x2  
  112  8:42  Zergling x2  

Tags
 
Add a new tag
Caveats
  • Supply blocks, unpowered buildings, or Contaminate may cause inaccurate times.
  • Supply counts are checked every 10 seconds.